 Dungeon Crawl Stone Soup version 0.21-a0-264-g3e31e41 (webtiles) character file.

186 Gorglomux the Chopper (level 5, -1/41 HPs)
             Began as a Demonspawn Gladiator on Sept 8, 2017.
             Slain by Grinder (3 damage)
             ... while paralysed by Grinder
             ... on level 4 of the Dungeon.
             The game lasted 00:03:41 (2918 turns).

Gorglomux the Chopper (Demonspawn Gladiator)        Turns: 2918, Time: 00:03:41

Health: -1/41      AC: 13    Str: 15    XL:     5   Next: 38%
Magic:  5/5        EV:  2    Int:  9    God:
Gold:   142        SH:  0    Dex: 15    Spells: 4/4 levels left

rFire    . . .     SeeInvis .   a - +0 war axe
rCold    . . .     Gourm    .   (no shield)
rNeg     . . .     Faith    .   W - +0 scale mail
rPois    .         Spirit   .   c - +0 helmet
rElec    .         Reflect  .   (no cloak)
rCorr    .         Harm     .   (no gloves)
MR       .....                  (no boots)
Stlth    ..........             (no amulet)
HPRegen  0.13/turn              (no ring)
MPRegen  0.09/turn              (no ring)

@: paralysed, sanguine armour
A: powered by death 1, sanguine armour 1
a: no special abilities


You were on level 4 of the Dungeon.
You were not hungry.

You visited 1 branch of the dungeon, and saw 4 of its levels.

You collected 142 gold pieces.

Inventory:

Hand Weapons
 a - a +0 war axe (weapon)
Missiles
 Z - 3 throwing nets (quivered)
Armour
 b - a +0 leather armour
 c - a +0 helmet (worn)
 U - a +0 plate armour
 W - a +0 scale mail (worn)
Scrolls
 L - a scroll of amnesia {unknown}
 M - 2 scrolls of identify {unknown}
 O - a scroll of magic mapping {unknown}
 P - 2 scrolls of immolation {unknown}
 T - 3 scrolls of teleportation
 V - a scroll of remove curse
Potions
 N - a potion of degeneration {unknown}
 Q - a potion of berserk rage {unknown}
 R - 2 potions of heal wounds {unknown}
 S - 4 potions of curing
 Y - 4 potions of lignification {unknown}
Comestibles
 f - 3 bread rations
 z - 2 meat rations


   Skills:
 + Level 3.2 Fighting
 + Level 3.6 Axes
 - Level 1.7 Throwing
 + Level 2.2 Armour
 + Level 3.5 Dodging


You had 4 spell levels left.
You didn't know any spells.

Dungeon Overview and Level Annotations

Branches:
Dungeon (4/15)
 Temple: D:4-7

Altars:
Kikubaaqudgha

Annotations:
D:3 removed's ghost, amateur DgCj
D:4 Grinder


Innate Abilities, Weirdness & Mutations

You regenerate a little health from kills.
When seriously injured, your bleeding wounds create armour. (AC +6)


Message History

You closely miss Grinder!
Grinder is moderately wounded!
Grinder hits you!
You writhe in agony! * * * don't die
* * * You carve Grinder like a ham!!!
Grinder is heavily wounded!
Grinder hits you! * * * don't die
* * * You writhe in agony! * * * don't die
* * * You chop Grinder into pieces!!!
Grinder is butt-ly wounded!
Grinder gestures at you!
You suddenly lose the ability to move!!!
Grinder drinks a potion!
Grinder is healed!!!
Grinder hits you but does no damage! Butt hits you! * * * don't die
* * * You writhe in agony! rip

#.. #.#
... ###
#.# .. #.#
#. #.#
#.###.###
#....@..#
#####5#.#
#<#...#
#.#.###
#...#
......##.#
..###. #.#
#. #.# #.
#.#


You could see Grinder.

Vanquished Creatures
  Jessica (D:2)
  3 gnolls (D:3)
  4 adders
  An ooze (D:3)
  3 worms
  4 dart slugs
  A leopard gecko (D:1)
  An orc (D:3)
  2 ball pythons
  3 giant cockroaches
  6 goblins
  4 hobgoblins
  11 jackals
  A quokka (D:3)
  6 bats
  6 frilled lizards
  8 kobolds
  9 rats
74 creatures vanquished.

Notes
Turn   | Place    | Note
-------+----------+-------------------------------------------
     0 | D:1      | Gorglomux the Demonspawn Gladiator began the quest for the Orb.
     0 | D:1      | Reached XP level 1. HP: 16/16 MP: 1/1
   237 | D:1      | Gained mutation: When seriously injured, your bleeding wounds create armour. (AC +6) [demonic ancestry]
   237 | D:1      | Reached XP level 2. HP: 22/22 MP: 2/2
   242 | D:1      | Reached skill level 1 in Armour
   645 | D:1      | Reached skill level 3 in Axes
   848 | D:2      | Noticed Jessica
   855 | D:2      | Killed Jessica
   855 | D:2      | Reached skill level 3 in Dodging
   855 | D:2      | Reached XP level 3. HP: 28/28 MP: 3/3
  1000 | D:2      | Found an ancient bone altar of Kikubaaqudgha.
  1022 | D:2      | Gained mutation: You regenerate a little health from kills. [demonic ancestry]
  1022 | D:2      | Reached XP level 4. HP: 31/34 MP: 4/4
  1701 | D:3      | Noticed removed's ghost (amateur DgCj)
  2093 | D:3      | Reached skill level 3 in Fighting
  2320 | D:3      | Reached XP level 5. HP: 40/41 MP: 5/5
  2897 | D:4      | Noticed Grinder
  2898 | D:4      | Paralysed by Grinder for 4 turns
  2916 | D:4      | Paralysed by Grinder for 3 turns
  2918 | D:4      | HP: 2/41 [Grinder (2)]
  2918 | D:4      | Slain by Grinder

Vault maps used:
D:1:      minmay_arrival_four_loops
D:2:      nicolae_overflow_hidden_temple, uniq_jessica
D:3:      first_bread
D:4:      gammafunk_wand_slinger, old_standard_altar, uniq_ijyb, uniq_grinder

Skill      XL: |  1  2  3  4 |
---------------+-------------+-----
Armour         | 1 2 |  2.2
Axes           | 3 |  3.6
Dodging        | 3 |  3.5
Fighting       | 3 |  3.2
Throwing       | |  1.7

Action                   |  1- 3 |  4- 6 || total
-------------------------+-------+-------++-------
Melee: War axe           |    81 |   162 ||   243
  Use: Scroll            |       |     2 ||     2
  Eat: Chunk             |       |     7 ||     7
Armor: Leather armour    |    13 |       ||    13
       Plate armour      |     5 |       ||     5
       Scale mail        |    43 |    73 ||   116
Dodge: Dodged            |    62 |   127 ||   189

Table legend:
 A = Spawn XP
 B = Non-spawn XP
 C = Spawn XP percentage of total XP
 D = Spawn monster count
 E = Non-spawn monster count
 F = Spawn count percentage of total count
 G = Total turns spent on level
                    A         B        C        D         E        F      G
               +---------+---------+-------+---------+---------+-------+---------
         Total |       0 |     266 |   0.0 |       0 |      74 |   0.0 |  2918
               +---------+---------+-------+---------+---------+-------+---------
           D:1 |       0 |      36 |   0.0 |       0 |      19 |   0.0 |   825
           D:2 |       0 |     111 |   0.0 |       0 |      26 |   0.0 |  1094
           D:3 |       0 |     119 |   0.0 |       0 |      29 |   0.0 |   968
               +---------+---------+-------+---------+---------+-------+---------
